 Dungeon Crawl Stone Soup version 0.19-a0-1021-g80cc50c (webtiles) character file.

81 matakusis the Skirmisher (level 4, -1/37 HPs)
             Began as a Demonspawn Fighter on July 27, 2016.
             Slain by a gnoll (6 damage)
             ... on level 2 of the Dungeon.
             The game lasted 00:04:23 (1960 turns).

matakusis the Skirmisher (Demonspawn Fighter)       Turns: 1960, Time: 00:04:25

Health: -1/37      AC:  6    Str: 17    XL:     4   Next: 20%
Magic:  4/4        EV:  7    Int: 10    God:
Gold:   95         SH:  9    Dex: 12    Spells: 0 memorised, 3 levels left

rFire  . . .     SeeInvis .     a - +0 long sword
rCold  . . .     Gourm    .     b - +0 scale mail
rNeg   . . .     Faith    .     c - +0 shield
rPois  +         Spirit   .     (no helmet)
rElec  .         Dismiss  .     (no cloak)
rCorr  .         Reflect  .     (no gloves)
SustAt .         Harm     .     (no boots)
MR     .....                    (no amulet)
Stlth  ..........               (no ring)
                                m - ring of poison resistance

@: not resistant to hostile enchantments, extremely unstealthy
A: hooves 1
a: no special abilities


You were on level 2 of the Dungeon.
You were not hungry.

You visited 1 branch of the dungeon, and saw 2 of its levels.

You collected 95 gold pieces.

Inventory:

Hand Weapons
 a - a +0 long sword (weapon)
Armour
 b - a +0 scale mail (worn)
 c - a +0 shield (worn)
Jewellery
 m - a ring of poison resistance (left hand)
Scrolls
 n - a scroll of fog {unknown}
 o - a scroll of remove curse {unknown}
Potions
 d - 2 potions of might
 e - a potion of lignification {unknown}
 h - a potion of degeneration {unknown}
 i - a potion of brilliance {unknown}
 j - a potion of heal wounds {unknown}
 k - 2 potions of agility {unknown}
Comestibles
 f - 2 bread rations
 g - a meat ration
 l - 2 chunks of flesh


   Skills:
 * Level 3.8 Fighting
 + Level 2.0 Long Blades
 + Level 3.3 Armour
 * Level 3.3 Shields


You had 3 spell levels left.
You didn't know any spells.

Dungeon Overview and Level Annotations

Branches:
Dungeon (2/15)

Altars:
Trog


Innate Abilities, Weirdness & Mutations

You have large cloven feet.


Message History

You closely miss the gnoll. You kick the gnoll, but do no damage.
The gnoll barely misses you. You block the gnoll's attack. The gnoll hits you.
* * * LOW HITPOINT WARNING * * *
You hit the gnoll. You kick the gnoll, but do no damage.
The gnoll is moderately wounded.
You block the gnoll's attack. The gnoll barely misses you.
You riposte.
You closely miss the gnoll. You kick the gnoll, but do no damage.
The gnoll hits you with a halberd.
* * * LOW HITPOINT WARNING * * *
Unknown command.
You hit the gnoll but do no damage.
The gnoll is moderately wounded.
The gnoll hits you but does no damage. The gnoll barely misses you.
Your scale mail prevents you from hitting the gnoll.
You kick the gnoll, but do no damage.
The gnoll is moderately wounded.
The gnoll hits you but does no damage. The gnoll hits you with a halberd.
* * * LOW HITPOINT WARNING * * *
The gnoll hits you.
You die...

#.
#.#....###.##....#####.#
#....###
#.........##..#####
###..##
#########..........
#...## ###.########
#.##...## ##.g...)#
#.......########..####)#
####......##.....## #(#
###..#.##g##### #.#####
# ##.#..@g## #.....# ##
#.......# #####.#
.############..†##.####
###)#
..........###....#....#
#....
.########........####.#
#..>. .#
#####.....###.#####
#.... .# ##.....##.....#
#.... .##
###.#....#.....# #....
..## ###...#..#.......#
#....


You could see 2 gnolls.

Vanquished Creatures
  A gnoll (D:2)
  An adder (D:2)
  2 oozes (D:1)
  A worm (D:2)
  A giant cockroach (D:2)
  13 goblins
  7 hobgoblins
  6 kobolds
  2 quokkas (D:2)
  A ball python (D:2)
  9 bats
  3 rats
47 creatures vanquished.

Notes
Turn   | Place    | Note
-------+----------+-------------------------------------------
     0 | D:1      | matakusis the Demonspawn Fighter began the quest for the Orb.
     0 | D:1      | Reached XP level 1. HP: 18/18 MP: 1/1
   144 | D:1      | Gained mutation: You have large cloven feet. [demonic ancestry]
   144 | D:1      | Reached XP level 2. HP: 22/24 MP: 2/2
   355 | D:1      | Reached XP level 3. HP: 28/29 MP: 3/3
   864 | D:2      | Found a bloodstained altar of Trog.
  1879 | D:2      | Reached XP level 4. HP: 18/37 MP: 4/4
  1960 | D:2      | Slain by a gnoll

Vault maps used:
D:1:      lightli_arrival_farm
D:2:      first_bread, trog_hazing_becter

Skill      XL: |  1  2  3 |
---------------+----------+-----
Shields        | 3 |  3.3
Armour         | 3 |  3.3
Long Blades    | 2 |  2.0
Fighting       | |  3.8

Action                   |  1- 3 |  4- 6 || total
-------------------------+-------+-------++-------
Melee: Long sword        |   188 |    25 ||   213
       Kick              |    36 |    10 ||    46
  Eat: Chunk             |     3 |     1 ||     4
Armor: Scale mail        |    85 |     6 ||    91
Dodge: Dodged            |    66 |    12 ||    78
Block: Shield            |   103 |     8 ||   111
